 Dungeon Crawl Stone Soup version 0.22-a0-368-g870eee8 (webtiles) character file.

157 khargal the Shield-Bearer (level 5, -1/33 HPs)
             Began as a Gargoyle Fighter on Apr 23, 2018.
             Slain by an orc warrior
             ... wielding a +0 mace
              (3 damage)
             ... on level 6 of the Dungeon.
             The game lasted 00:04:08 (2009 turns).

khargal the Shield-Bearer (Gargoyle Fighter)        Turns: 2009, Time: 00:04:09

Health: -1/33      AC: 17    Str: 19    XL:     5   Next: 38%
Magic:  5/5        EV:  3    Int:  9    God:
Gold:   227        SH:  9    Dex: 10    Spells: 4/4 levels left

rFire    . . .     SeeInvis .   a - +1 flail
rCold    . . .     Gourm    .   c - +0 shield
rNeg     + . .     Faith    .   n - +0 plate armour (curse)
rPois    ∞         Spirit   .   b - +1 hat
rElec    +         Reflect  .   (no cloak)
rCorr    .         Harm     .   g - +0 pair of gloves
MR       .....                  (no boots)
Stlth    ..........             (no amulet)
HPRegen  0.11/turn              (no ring)
MPRegen  0.09/turn              (no ring)

@: about to teleport
A: negative energy resistance 1, electricity resistance, unbreathing,
petrification resistance, rot immunity, AC +4
a: no special abilities


You were on level 6 of the Dungeon.
You were not hungry.

You visited 1 branch of the dungeon, and saw 4 of its levels.

You collected 227 gold pieces.

Inventory:

Hand Weapons
 a - a +1 flail (weapon)
Armour
 b - a +1 hat (worn)
 c - a +0 shield (worn)
 g - a +0 pair of gloves (worn)
 i - a +2 shield
 n - a cursed +0 plate armour (worn)
Scrolls
 k - 2 scrolls of teleportation
 p - a scroll of amnesia
 q - a scroll of identify {unknown}
 r - a scroll of enchant weapon
Potions
 d - 2 potions of might
 e - 2 potions of degeneration {unknown}
 h - a potion of magic {unknown}
 j - a potion of lignification {unknown}
 l - 3 potions of heal wounds {unknown}
 o - a potion of flight {unknown}
 s - 2 potions of brilliance {unknown}
Comestibles
 f - 5 rations
 m - 3 chunks of flesh


   Skills:
 + Level 3.8 Fighting
 + Level 2.7 Maces & Flails
 + Level 3.8 Armour
 + Level 0.4 Dodging
 + Level 1.5 Stealth
 + Level 4.9 Shields


You had 4 spell levels left.
You didn't know any spells.

Dungeon Overview and Level Annotations

Branches:
Dungeon (3/15)

Altars:
Fedhas
Kikubaaqudgha

Annotations:
D:3 1 transporter


Innate Abilities, Weirdness & Mutations

You are resistant to torment.
Your stone body is resilient. (AC +4)
You are immune to poison.
You resist negative energy. (rN+)
You are resistant to electric shocks. (rElec)
You can survive without breathing.
You are immune to petrification.
You are immune to rotting.


Message History

You block the jackal's attack. You block the leopard gecko's attack.
The bullfrog hits you.
* * * LOW HITPOINT WARNING * * *
The jackal bites you but does no damage.
The orc warrior hits you but does no damage.
The quokka skeleton bites you.
* * * LOW HITPOINT WARNING * * *
The orc priest barely misses you.
The bullfrog hits you but does no damage.
The leopard gecko bites you.
* * * LOW HITPOINT WARNING * * *
The jackal bites you but does no damage.
The quokka skeleton bites you but does no damage.
The bullfrog hits you but does no damage.
The jackal bites you but does no damage.
The leopard gecko bites you.
* * * LOW HITPOINT WARNING * * *
The orc priest casts a cantrip, but nothing happens.
The orc warrior hits you with a mace.
You die...

.o........#
#..o.o..!...
.####.....#
#............
..........##
#............
#####......#
#............
#......#
#............
##.....#
#..[.###+###.
#..ooo#
#....# #.
#..ooZ#
#....# #.
#..ol@#
#..aFh#
#...or#
#.....#
#.....#
#.....#
#.....#
#.....#
#######


You could see an orc warrior, a bullfrog, a worker ant, 2 orc priests, 4 orcs, a
leopard gecko, a quokka, a jackal and a quokka skeleton.

Vanquished Creatures
  Natasha (twice) (D:3)
  6 adders
  A worm (D:2)
  A dart slug (D:1)
  4 leopard geckos
  An orc (D:3)
  3 bats
  2 goblins
  8 hobgoblins
  8 jackals
  A quokka (D:3)
  A ball python (D:3)
  2 frilled lizards (D:1)
  2 kobolds
  5 rats
47 creatures vanquished.

Notes
Turn   | Place    | Note
-------+----------+-------------------------------------------
     0 | D:1      | khargal the Gargoyle Fighter began the quest for the Orb.
     0 | D:1      | Reached XP level 1. HP: 14/14 MP: 1/1
   114 | D:1      | Reached XP level 2. HP: 19/19 MP: 2/2
   826 | D:2      | Reached skill level 4 in Shields
   826 | D:2      | Reached XP level 3. HP: 24/24 MP: 3/3
  1105 | D:2      | Found a faded altar of an unknown god.
  1124 | D:2      | Reached XP level 4. HP: 25/29 MP: 4/4
  1499 | D:3      | Found a transporter.
  1570 | D:3      | Found a blossoming altar of Fedhas.
  1571 | D:3      | Found an ancient bone altar of Kikubaaqudgha.
  1827 | D:3      | Noticed Natasha
  1832 | D:3      | Killed Natasha
  1832 | D:3      | Reached skill level 1 in Stealth
  1832 | D:3      | Reached XP level 5. HP: 33/33 MP: 5/5
  1844 | D:3      | Noticed Natasha
  1852 | D:3      | Killed Natasha
  1911 | D:3      | You fall through a shaft for 3 floors!
  1931 | D:6      | Noticed an orc warrior
  2009 | D:6      | Slain by an orc warrior

Vault maps used:
D:1:      minmay_arrival_wavy_path
D:2:      first_ration, chequers_ecumenical_altar_simple_redux
D:3:      gammafunk_wand_slinger, grunt_temple_overflow_growth_and_decay,
          gammafunk_temple_overflow_statue, serial_forest,
          infiniplex_forest_lined_3, infiniplex_forest_clump_tiny,
          infiniplex_forest_join, infiniplex_forest_clump_medium,
          infiniplex_forest_lined_room_, infiniplex_forest_corner_1,
          uniq_natasha
D:6:      nicolae_overflow_hidden_temple, kennysheep_little_box, temple_statues,
          serial_shops, shop, grunt_ministairs_15, uniq_edmund

Skill      XL: |  1  2  3  4 |
---------------+-------------+-----
Shields        | 4 |  4.9
Stealth        | 1 |  1.5
Fighting       | |  3.8
Maces & Flails | |  2.7
Armour         | |  3.8
Dodging        | |  0.4

Action                   |  1- 3 |  4- 6 || total
-------------------------+-------+-------++-------
Melee: Flail             |   118 |    91 ||   209
  Use: Scroll            |     7 |     1 ||     8
  Eat: Chunk             |     1 |     3 ||     4
Armor: Scale mail        |    76 |     2 ||    78
       Plate armour      |       |   130 ||   130
Dodge: Dodged            |    39 |    20 ||    59
Block: Shield            |    63 |    86 ||   149

Table legend:
 A = Spawn XP
 B = Non-spawn XP
 C = Spawn XP percentage of total XP
 D = Spawn monster count
 E = Non-spawn monster count
 F = Spawn count percentage of total count
 G = Total turns spent on level
                    A         B        C        D         E        F      G
               +---------+---------+-------+---------+---------+-------+---------
         Total |       0 |     225 |   0.0 |       0 |      47 |   0.0 |  2009
               +---------+---------+-------+---------+---------+-------+---------
           D:1 |       0 |      27 |   0.0 |       0 |      15 |   0.0 |   806
           D:2 |       0 |      60 |   0.0 |       0 |      11 |   0.0 |   636
           D:3 |       0 |     136 |   0.0 |       0 |      20 |   0.0 |   469
           D:6 |       0 |       2 |   0.0 |       0 |       1 |   0.0 |    98
               +---------+---------+-------+---------+---------+-------+---------
